 Dungeon Crawl Stone Soup version 0.20-a0-945-g3bf614a (webtiles) character file.

476 Krakonus1 the Shield-Bearer (level 7, -1/46 HPs)
             Began as an Octopode Fighter on Apr 1, 2017.
             Slain by a wyvern (17 damage)
             ... on level 5 of the Dungeon.
             The game lasted 00:16:50 (3825 turns).

Krakonus1 the Shield-Bearer (Octopode Fighter)      Turns: 3825, Time: 00:16:51

Health: -1/46      AC:  1    Str: 20    XL:     7   Next: 10%
Magic:  7/7        EV: 13    Int: 10    God:
Gold:   56         SH: 12    Dex: 14    Spells: 6/6 levels left

rFire    x . .     SeeInvis .   s - +1 hand axe (chop)
rCold    + . .     Gourm    .   b - +1 shield
rNeg     . . .     Faith    .   (helmet restricted)
rPois    .         Spirit   .   (no amulet)
rElec    .         Reflect  .   l - ring of ice
rCorr    .         Harm     .   (no ring)
MR       .....                  (no ring)
Stlth    ++........             (no ring)
Regen    0.2/turn               (no ring)
MPRegen  0.1/turn               (no ring)
                                (no ring)
                                (no ring)

@: mighty, very slightly contaminated
A: almost no armour, stealthy swim, amphibious, 8 rings, constrict 8, camouflage
1, gelatinous body 1
a: no special abilities


You were on level 5 of the Dungeon.
You were hungry.

You visited 1 branch of the dungeon, and saw 5 of its levels.

You collected 138 gold pieces.
You spent 82 gold pieces at shops.

Inventory:

Hand Weapons
 a - a +0 long sword
 s - a +1 hand axe of chopping (weapon)
 t - a +1 dagger of venom
Armour
 b - a +1 shield (worn)
 o - a +0 buckler
Jewellery
 l - a ring of ice (left tentacle)
Scrolls
 e - a scroll of fear
 r - 2 scrolls of remove curse
Potions
 f - a potion of ambrosia {unknown}
 g - a potion of degeneration
 i - 4 potions of curing
 j - a potion of magic
 m - a potion of brilliance
 n - a potion of mutation {unknown}
 q - a potion of agility
 w - a potion of invisibility
Comestibles
 d - 4 bread rations
 h - 2 fruits
 p - 3 meat rations


   Skills:
 - Level 3.0 Fighting
 - Level 2.0 Long Blades
 - Level 3.0 Dodging
 * Level 7.8 Shields


You had 6 spell levels left.
You didn't know any spells.

Dungeon Overview and Level Annotations

Branches:
Dungeon (5/15)
 Temple: D:4-7

Altars:
Dithmenos

Shops:
D:4 *=?*:


Innate Abilities, Weirdness & Mutations

You cannot wear most types of armour.
You are very stealthy in the water. (Stealth+)
You are amphibious.
You can wear up to eight rings at the same time.
You can use your tentacles to constrict eight enemies at once.
Your skin changes colour to match your surroundings (Stealth+).
Your rubbery body absorbs attacks. (AC +1, EV +1)


Message History

As you read the scroll labeled UGIOME TOMOMO, it crumbles to dust.
You hear a very strange noise.
It was a scroll of random uselessness.
As you read the scroll labeled TUEBI UDULEAF, it crumbles to dust.
You feel strangely unstable.
It was a scroll of teleportation.
Your surroundings suddenly seem different.
The wyvern hisses angrily.
You hit the wyvern but do no damage. You block the wyvern's attack.
The wyvern barely misses you.
You hit the wyvern.
The wyvern is moderately wounded.
You are feeling hungry.
The wyvern bites you! The wyvern bites you.
You feel much better. The wyvern bites you!
You feel very mighty all of a sudden.
The wyvern bites you but does no damage.
The wyvern bites you!
* * * LOW HITPOINT WARNING * * *
You feel better. The wyvern bites you!
You die...

#.......
#......#
#......#
#......#
#......#
#......# # #
#......# ...
##.##....@.#
...
#........l.+
...
#..##......#
...
#..##......#
...
#.......####
.. #.......#
#....<..#
#.......#
#.......#


You could see a wyvern.

Vanquished Creatures
  A phantom (D:4)
  A sky beast (D:4)
  An orc priest (D:3)
  An orc wizard (D:3)
  An iguana (D:4)
  Terence (D:2)
  4 gnolls (D:3)
  6 adders
  2 oozes
  A worm (D:2)
  6 dart slugs
  7 orcs
  5 bats
  5 giant cockroaches
  5 goblins
  10 hobgoblins
  2 jackals (D:4)
  A quokka (D:3)
  A ball python (D:2)
  3 frilled lizards
  5 kobolds
  A quokka zombie (D:3)
  10 rats
80 creatures vanquished.

Notes
Turn   | Place    | Note
-------+----------+-------------------------------------------
     0 | D:1      | Krakonus1 the Octopode Fighter began the quest for the Orb.
     0 | D:1      | Reached XP level 1. HP: 16/16 MP: 1/1
    78 | D:1      | Reached XP level 2. HP: 20/21 MP: 2/2
   280 | D:1      | Reached skill level 4 in Shields
   438 | D:1      | Reached XP level 3. HP: 26/26 MP: 3/3
  1222 | D:2      | Noticed Terence
  1235 | D:2      | Killed Terence
  1235 | D:2      | Reached skill level 5 in Shields
  1235 | D:2      | Reached XP level 4. HP: 31/31 MP: 4/4
  1681 | D:3      | Reached XP level 5. HP: 36/36 MP: 5/5
  2110 | D:3      | Reached skill level 6 in Shields
  2470 | D:3      | Reached XP level 6. HP: 42/42 MP: 6/6
  2500 | D:3      | Found a shadowy altar of Dithmenos.
  3083 | D:4      | Noticed a phantom
  3283 | D:4      | Found Jucsu's Jewellery Shop.
  3297 | D:4      | Found Zatany Zopu's Magic Scroll Shoppe.
  3339 | D:4      | Killed a phantom
  3339 | D:4      | Reached skill level 7 in Shields
  3488 | D:4      | Bought a scroll of enchant armour for 82 gold pieces
  3535 | D:4      | Found Xiakead's General Store.
  3624 | D:4      | Found Inylutayt's Book Emporium.
  3685 | D:4      | Found Goluig's Assorted Antiques.
  3708 | D:4      | Noticed a sky beast
  3724 | D:4      | Killed a sky beast
  3724 | D:4      | Reached XP level 7. HP: 19/46 MP: 7/7
  3754 | D:5      | Entered Level 5 of the Dungeon
  3759 | D:5      | Noticed a wyvern
  3825 | D:5      | Slain by a wyvern

Vault maps used:
D:1:      lemuel_arrival_funnel
D:2:      uniq_terence
D:3:      marbit_many_paths
D:4:      first_bread, serial_shops, shop, nicolae_shop_behind_doors,
          shop_statue, nicolae_shop_stone,
          nicolae_shop_competitors_out_of_business
D:5:      gup_sewer_entry_glass, trog_butcher_becter

Skill      XL: |  1  2  3  4  5  6 |
---------------+-------------------+-----
Shields        | 4 5 6 7 |  7.8
Fighting       | |  3.0
Long Blades    | |  2.0
Dodging        | |  3.0

Action                   |  1- 3 |  4- 6 |  7- 9 || total
-------------------------+-------+-------+-------++-------
Melee: Long sword        |    55 |    43 |       ||    98
       Constrict         |    13 |    25 |       ||    38
       Tentacles         |     8 |    21 |       ||    29
       Hand axe          |       |    77 |     2 ||    79
  Use: Potion            |     1 |     3 |     3 ||     7
       Scroll            |       |    10 |     3 ||    13
 Stab: Sleeping          |     6 |     4 |       ||    10
  Eat: Chunk             |     1 |     7 |       ||     8
       Fruit             |       |     1 |       ||     1
Armor: Skin              |     3 |     7 |     1 ||    11
Dodge: Dodged            |    17 |    46 |     1 ||    64
Block: Shield            |    17 |    57 |     1 ||    75
       Rpst.: Long sword |     9 |     6 |       ||    15
